 Dungeon Crawl Stone Soup version 0.29.1-12-g30fa7ad0bf (webtiles) character file.

Game seed: 17394118380452204264

48493 growler the Warrior (level 14, -18/98 HPs)
             Began as a Gargoyle Earth Elementalist on Dec 22, 2022.
             Was a High Priest of Vehumet.
             Demolished by a boulder beetle (40 damage)
             ... on level 5 of the Lair of Beasts.
             The game lasted 01:08:25 (22423 turns).

growler the Warrior (Gargoyle Earth Elementalist)  Turns: 22423, Time: 01:08:26

Health: -18/98     AC: 15    Str: 17    XL:     14   Next: 46%
Magic:  22/28      EV: 10    Int: 25    God:    Vehumet [*****.]
Gold:   1243       SH: 10    Dex: 10    Spells: 18/33 levels left

rFire   + + .      SeeInvis .   S - +8 Vampire's Tooth {vamp}
rCold   . . .      Faith    .   A - +0 kite shield
rNeg    + . .      Spirit   .   z - +2 robe {Will+}
rPois   ∞          Reflect  .   (no helmet)
rElec   +          Harm     .   v - +0 cloak {Stlth+}
rCorr   .          Rampage  .   (no gloves)
Will    ++...                   (no boots)
Stlth   ++++......              Z - amulet of magic regeneration
HPRegen 0.26/turn               H - ring "Pexiuw" {rF++ Str+3 Slay+4}
MPRegen 0.61/turn               G - +6 ring of intelligence

@: flying
A: sickness immunity, AC +10, big wings, negative energy resistance 1,
electricity resistance, torment resistance 1, petrification resistance
a: Renounce Religion


You were on level 5 of the Lair of Beasts.
You worshipped Vehumet.
Vehumet was extremely pleased with you.
You visited 3 branches of the dungeon, and saw 18 of its levels.
You also visited: Volcano.

You collected 1243 gold pieces.

Inventory:

Hand Weapons
 S - the +8 Vampire's Tooth (weapon) {vamp}
   (You found it on level 11 of the Dungeon)

   It occasionally heals its wielder for the full amount of damage dealt when it
   wounds a living foe.
Missiles
 N - 4 throwing nets
Armour
 v - a +0 cloak of stealth (worn)
 z - a +2 robe of willpower (worn)
 A - a +0 kite shield (worn)
Jewellery
 a - an amulet of the acrobat
 l - a ring of see invisible
 u - a ring of magical power
 E - a ring of protection from cold
 G - a +6 ring of intelligence (right hand)
 H - the ring "Pexiuw" (left hand) {rF++ Str+3 Slay+4}
   (You found it on level 7 of the Dungeon)

   [ring of slaying]

   Str:       It affects your strength (+3).
   Slay:      It affects your accuracy & damage with ranged weapons and melee
   (+4).
   rF:        It greatly protects you from fire.
 P - a ring of flight
 U - a +4 ring of evasion
 V - an amulet of guardian spirit
 W - an amulet of faith
 Y - a ring of resist corrosion
 Z - an amulet of magic regeneration (around neck)
Wands
 s - a wand of mindburst (18)
 y - a wand of charming (21)
 M - a wand of flame (35)
 O - a wand of digging (9)
 R - a wand of roots (10)
 T - a wand of polymorph (4)
Scrolls
 e - 6 scrolls of teleportation
 f - 4 scrolls of magic mapping
 i - a scroll of noise {unknown}
 j - 3 scrolls of vulnerability
 m - 6 scrolls of enchant armour
 p - a scroll of blinking
 x - 4 scrolls of amnesia {unknown}
 C - a scroll of silence {unknown}
 D - 2 scrolls of summoning {unknown}
 F - 2 scrolls of enchant weapon {unknown}
 I - 2 scrolls of fog {unknown}
 J - 6 scrolls of identify
 K - a scroll of torment {unknown}
 L - a scroll of poison {unknown}
 Q - 2 scrolls of immolation {unknown}
Potions
 b - 4 potions of magic
 c - 8 potions of lignification
 d - a potion of heal wounds
 g - 5 potions of brilliance
 h - a potion of ambrosia
 k - 2 potions of resistance
 n - 5 potions of haste
 o - 2 potions of mutation
 q - a potion of cancellation
 r - 7 potions of curing
 t - 13 potions of degeneration
 w - 3 potions of might
 B - 3 potions of attraction
 X - a potion of flight


   Skills:
 + Level 15.0 Fighting
 - Level 8.0 Short Blades
 - Level 1.7 Dodging
 - Level 4.8 Stealth
 - Level 9.0 Shields
 - Level 10.0 Spellcasting
 - Level 7.0 Conjurations
 - Level 1.0 Transmutations
 + Level 14.1 Earth Magic


You had 18 spell levels left.
You knew the following spells:

 Your Spells              Type           Power      Damage    Failure   Level
a - Sandblast             Erth           100%       2d20      1%          1
b - Stone Arrow           Conj/Erth      100%       3d13      1%          3
c - Petrify               Tmut/Erth      50%        N/A       5%          4
d - Static Discharge      Conj/Air       30%        3-7/arc   1%          2
e - Lee's Rapid Deconstr  Erth           35%        3d19*     1%          5

Your spell library contained the following spells:

 Spells                   Type           Power      Damage    Failure   Level
 Passwall                 Tmut/Erth      41%        N/A       1%          2
 Scorch                   Fire           24%        2d6       4%          2
 Mephitic Cloud           Conj/Pois/Air  24%        N/A       4%          3
 Flame Wave               Conj/Fire      30%        2d9       7%          4
 Beastly Appendage        Tmut           34%        N/A       8%          1
 Ignite Poison            Fire/Tmut/Pois 14%        N/A       9%          3
 Wereblood                Tmut           17%        N/A       12%         2
 Blink                    Tloc           24%        N/A       17%         2
 Ensorcelled Hibernation  Hex/Ice        24%        N/A       17%         2
 Spider Form              Tmut/Pois      15%        N/A       28%         3
 Freezing Cloud           Conj/Ice/Air   12%        6-21      30%         5
 Gell's Gravitas          Tloc           12%        N/A       34%         3
 Lesser Beckoning         Tloc           12%        N/A       34%         3
 Swiftness                Air            12%        N/A       34%         3
 Teleport Other           Tloc           12%        N/A       34%         3
 Tukima's Dance           Hex            12%        N/A       34%         3
 Yara's Violent Unravell  Hex/Tmut       7%         3d5       52%         5
 Anguish                  Hex/Necr       6%         N/A       75%         4
 Passage of Golubria      Tloc           12%        N/A       75%         4
 Manifold Assault         Tloc           12%        N/A       97%         5
 Summon Cactus Giant      Summ           6%         N/A       100%        6


Dungeon Overview and Level Annotations

Branches:
Dungeon (12/15)            Temple (1/1) D:4            Lair (5/5) D:9
  Swamp (0/4) Lair:2        Snake (0/4) Lair:2          Orc (0/2) D:12
Volcano (visited)
  Slime: Lair:4-5

Altars:
Ashenzari
Cheibriados
Dithmenos
Elyvilon
Fedhas
Gozag
Hepliaklqana
Kikubaaqudgha
Makhleb
Nemelex Xobeh
Okawaru
Qazlal
Ru
Sif Muna
Trog
Uskayaw
Vehumet
Wu Jian
Xom
Yredelemnul
Zin
The Shining One

Shops:
D:10 [!!*?

Annotations:
Temple 2 transporters


Innate Abilities, Weirdness & Mutations

You are immune to sickness and miasma.
Your stone body is resilient. (AC +10)
You are immune to poison.
Your large and strong wings let you fly.
You resist negative energy. (rN+)
You are resistant to electric shocks. (rElec)
You are resistant to unholy torment.
You are immune to petrification.


Message History

The elephant is almost dead.
You resist.
You are struck by an arc of lightning.
The elephant tramples you!
You hold your ground!
The elephant trunk-slaps you but does no damage.
The yak gores you but does no damage.
Unknown command.
Casting: Static Discharge (safe; 1% risk of failure)
Confirm with . or Enter, or press ? or * to list all spells.
The elephant is struck by an arc of lightning.
The elephant is almost dead.
You resist.
You are struck by an arc of lightning.
The lightning grounds out.
The elephant is struck by an arc of lightning!
The elephant is almost dead.
The elephant is struck by an arc of lightning.
The elephant is almost dead.
The elephant is struck by an arc of lightning!
The elephant is almost dead.
The elephant is struck by an arc of lightning!
You kill the elephant!
Vehumet accepts your kill.
You feel your power returning.
The lightning grounds out.
The elephant tramples you but does no damage.
You block the elephant's attack.
The elephant tramples you but does no damage.
The elephant closely misses you. The yak gores you!
* * * LOW HITPOINT WARNING * * *
Your Fighting skill increases to level 15!
Casting: Static Discharge (safe; 1% risk of failure)
Confirm with . or Enter, or press ? or * to list all spells.
The elephant is struck by an arc of lightning.
The elephant is heavily wounded.
The elephant is struck by an arc of lightning!
The elephant is severely wounded.
The yak is struck by an arc of lightning!
The yak is moderately wounded.
The lightning grounds out.
The elephant closely misses you. You block the elephant's attack.
The yak gores you.
* * * LOW HITPOINT WARNING * * *
The boulder beetle hits you!!!
You die...

##...## .......
##...### .......
#.....# ##.......
###...#### #........
##...#.## #........
##...#.### #........
##....#..###.......#
#.#.......YY.†....#
####.....@YY°°.....~
#......YB○........
#####................~
##.#......#...#.P....##
#.......#.##...##.....#
#......#####...........
##......# ##..........
#......## ###.......
##.....#.# #...


You could see a boulder beetle (rolling), 3 elephants and 2 yaks.

Vanquished Creatures
  Snorg (Lair:3)
  Harold (D:9)
  4 hydras
  Erica (D:11)
  2 catoblepae
  7 two-headed ogres
  A bog body (Lair:2)
  4 ugly things
  2 manticores
  A cyclops (D:11)
  A black mamba (Lair:5)
  6 elephants
  3 gargoyles
  A molten gargoyle (Lair:3)
  7 cane toads
  Psyche (D:8)
  4 komodo dragons
  3 unseen horrors
  3 rime drakes
  3 red devils (Volcano)
  4 trolls
  A tyrant leech (D:11)
  2 polar bears
  A hornet (D:10)
  11 dream sheep
  9 blink frogs
  3 slime creatures (D:12)
  2 wraiths
  3 vampires
  59 yaks
  8 wyverns
  2 steam dragons
  A basilisk (D:9)
  Menkaure (D:4)
  11 vampire mosquitoes
  2 nagas (Lair:2)
  A hell hound (Volcano)
  12 water moccasins
  4 orc warriors
  2 black bears
  2 ice beasts
  2 ogres (D:6)
  21 wolves
  4 centaurs
  A phantom (D:5)
  14 bullfrogs
  3 necrophages
  3 scorpions
  5 wights (D:8)
  16 killer bees
  3 howler monkeys
  2 vampire bats
  5 electric eels
  A lava snake (D:7)
  A hound (D:6)
  3 jellies
  5 orc priests
  5 iguanas
  Ijyb (D:5)
  19 orc wizards
  4 gnolls (D:7)
  An adder (D:4)
  A shadow imp (D:8)
  2 white imps
  3 dart slugs
  3 fire bats (D:3)
  56 orcs
  2 spectral bats (D:3)
  24 bats
  3 bat skeletons (D:3)
  A bat zombie (D:3)
  7 endoplasms
  2 giant cockroaches
  9 goblins
  6 hobgoblins
  2 jackals (D:1)
  11 kobolds
  9 quokkas
  7 ball pythons
  A bat simulacrum (D:3)
  9 frilled lizards
  5 rats
479 creatures vanquished.

Vanquished Creatures (others)
  An orc sorcerer (Volcano)
  An orc wizard (D:10)
  20 fungi
  52 plants
74 creatures vanquished.

Grand Total: 553 creatures vanquished

Notes
Turn   | Place    | Note
-------+----------+-------------------------------------------
     0 | D:1      | growler the Gargoyle Earth Elementalist began the quest for
                  | the Orb.
     0 | D:1      | Reached XP level 1. HP: 10/10 MP: 3/3
   180 | D:1      | Reached skill level 1 in Transmutations
   180 | D:1      | Reached XP level 2. HP: 15/15 MP: 1/5
   720 | D:1      | Reached XP level 3. HP: 19/19 MP: 4/6
  2217 | D:3      | Found a hazy altar of Hepliaklqana.
  2286 | D:3      | Reached XP level 4. HP: 24/24 MP: 4/8
  2329 | D:3      | Found a basalt altar of Yredelemnul.
  2615 | D:3      | Reached skill level 5 in Earth Magic
  2637 | D:3      | Reached XP level 5. HP: 28/28 MP: 3/10
  3132 | D:3      | Found a sparkling altar of Nemelex Xobeh.
  3520 | D:4      | Found a staircase to the Ecumenical Temple.
  3531 | Temple   | Entered the Ecumenical Temple
  3531 | Temple   | Found a transporter.
  3531 | Temple   | Found a transporter.
  3560 | Temple   | Found a transporter.
  3560 | Temple   | Found a transporter.
  3586 | Temple   | Became a worshipper of Vehumet
  3646 | D:4      | Reached XP level 6. HP: 32/32 MP: 3/12
  3650 | D:4      | Learned a level 3 spell: Stone Arrow
  3655 | D:4      | Learned a level 4 spell: Petrify
  3832 | D:4      | Found a broken altar of Ashenzari.
  3847 | D:4      | Noticed Menkaure
  4033 | D:3      | Identified the +1 hand axe of Ointment {venom, Int+5}
  4145 | D:3      | Found a faded altar of an unknown god.
  4448 | D:4      | Killed Menkaure
  4449 | D:4      | Reached XP level 7. HP: 29/36 MP: 10/14
  4830 | D:5      | Entered Level 5 of the Dungeon
  5034 | D:5      | Reached skill level 5 in Spellcasting
  5058 | D:5      | Noticed a two-headed ogre
  5188 | D:5      | Killed a two-headed ogre
  5189 | D:5      | Reached skill level 10 in Earth Magic
  5189 | D:5      | Reached XP level 8. HP: 29/41 MP: 3/15
  5301 | D:5      | Reached * piety under Vehumet
  5301 | D:5      | Offered knowledge of Freeze by Vehumet.
  5302 | D:5      | Reached skill level 1 in Fighting
  5302 | D:5      | Reached skill level 1 in Conjurations
  5502 | D:5      | Reached skill level 2 in Fighting
  5688 | D:5      | Noticed Ijyb
  5693 | D:5      | Killed Ijyb
  5707 | D:5      | Reached skill level 3 in Fighting
  5742 | D:4      | Reached XP level 9. HP: 51/51 MP: 4/16
  6091 | D:6      | Reached skill level 4 in Fighting
  6349 | D:6      | Offered knowledge of Poisonous Vapours by Vehumet.
  6351 | D:6      | Reached ** piety under Vehumet
  7135 | D:7      | Found a white marble altar of Elyvilon.
  7425 | D:7      | Reached skill level 5 in Fighting
  7568 | D:7      | Reached skill level 5 in Conjurations
  7668 | D:7      | Identified the ring "Pexiuw" {rF++ Str+3 Slay+4}
  8145 | D:7      | Found a hide-covered altar of Uskayaw.
  8340 | D:8      | Noticed a two-headed ogre
  8345 | D:8      | Noticed a two-headed ogre
  8493 | D:8      | Noticed Psyche
  8495 | D:8      | Killed Psyche
  8686 | D:8      | Reached skill level 6 in Fighting
  8779 | D:8      | Killed a two-headed ogre
  8780 | D:8      | Reached XP level 10. HP: 8/61 MP: 2/17
  9121 | D:8      | Found an ancient bone altar of Kikubaaqudgha.
  9124 | D:8      | Found a blossoming altar of Fedhas.
  9130 | D:8      | Found a shadowy altar of Dithmenos.
  9133 | D:8      | Found an opulent altar of Gozag.
  9135 | D:8      | Found an ornate altar of the Wu Jian Council.
  9140 | D:8      | Found a shimmering blue altar of Sif Muna.
  9290 | D:8      | Killed a two-headed ogre
  9291 | D:8      | Reached skill level 7 in Fighting
  9461 | D:8      | Offered knowledge of Static Discharge by Vehumet.
  9933 | D:9      | Reached *** piety under Vehumet
 10027 | D:9      | Learned a level 2 spell: Static Discharge
 10103 | D:9      | Found a staircase to the Lair.
 10109 | D:9      | Reached skill level 5 in Shields
 10116 | D:9      | Reached skill level 8 in Fighting
 10519 | D:9      | Noticed a two-headed ogre
 10578 | D:9      | Killed a two-headed ogre
 10579 | D:9      | Reached skill level 9 in Fighting
 10579 | D:9      | Reached XP level 11. HP: 63/71 MP: 3/18
 10871 | D:9      | Noticed Harold
 10882 | D:9      | Killed Harold
 11433 | D:10     | Entered Level 10 of the Dungeon
 11433 | D:10     | Found Yfoul's Assorted Antiques.
 11442 | D:10     | Reached skill level 10 in Fighting
 11528 | D:10     | Offered knowledge of Sticky Flame by Vehumet.
 11731 | D:10     | Found Sutine Sedi's Armour Boutique.
 11743 | D:10     | Found Ciungab's Distillery.
 11747 | D:10     | Found Pirruhas's Distillery.
 11781 | D:10     | Found a sacrificial altar of Ru.
 12049 | D:10     | Found Eheehass's Magic Scroll Emporium.
 12355 | D:11     | Noticed a two-headed ogre
 12355 | D:11     | Noticed a two-headed ogre
 12365 | D:10     | Killed a two-headed ogre
 12592 | D:11     | Noticed a cyclops
 12595 | D:11     | Killed a cyclops
 12736 | D:11     | Killed a two-headed ogre
 12800 | D:11     | Reached **** piety under Vehumet
 12894 | D:11     | Noticed Erica
 12901 | D:11     | Killed Erica
 12902 | D:11     | Reached skill level 11 in Fighting
 13089 | D:11     | Reached XP level 12. HP: 80/80 MP: 14/21
 13385 | D:11     | Offered knowledge of Frozen Ramparts by Vehumet.
 13515 | D:11     | Found the +8 Vampire's Tooth {vamp}
 13647 | D:11     | Reached skill level 1 in Short Blades
 14350 | D:12     | Noticed a two-headed ogre
 14356 | D:12     | Killed a two-headed ogre
 14596 | D:12     | Found a shimmering blue altar of Sif Muna.
 14697 | D:12     | Found a staircase to the Orcish Mines.
 14878 | D:12     | Reached skill level 12 in Fighting
 15408 | D:12     | Noticed a five-headed hydra
 15417 | D:12     | Killed a five-headed hydra
 15647 | Lair:1   | Entered Level 1 of the Lair of Beasts
 16026 | Lair:1   | Reached ***** piety under Vehumet
 16027 | Lair:1   | Reached XP level 13. HP: 82/87 MP: 25/25
 16643 | Lair:2   | Found a staircase to the Swamp.
 16652 | Lair:1   | Reached skill level 5 in Short Blades
 16761 | Lair:1   | Reached skill level 13 in Fighting
 17517 | Lair:2   | Offered knowledge of Lee's Rapid Deconstruction by Vehumet.
 17543 | Lair:2   | Learned a level 5 spell: Lee's Rapid Deconstruction
 17909 | Lair:2   | Found a staircase to the Snake Pit.
 18812 | Lair:3   | Noticed Snorg
 18848 | Lair:3   | Killed Snorg
 20471 | Lair:4   | Reached skill level 14 in Fighting
 20539 | Lair:4   | Found a dark tunnel.
 20573 | Volcano  | Entered a volcano
 20605 | Volcano  | Reached skill level 10 in Spellcasting
 20612 | Volcano  | Gained mutation: Your large and strong wings let you fly.
                  | [Gargoyle growth]
 20612 | Volcano  | Reached XP level 14. HP: 63/96 MP: 8/28
 22074 | Lair:5   | Entered Level 5 of the Lair of Beasts
 22423 | Lair:5   | Reached skill level 15 in Fighting
 22423 | Lair:5   | Demolished by a boulder beetle

Illustrated notes

Levels and vault maps discovered:
D:1:      wheals_arrival_shading, layout_basic
D:2:      layout_loops_ring
D:3:      layout_basic, nemelex_dance_club_becter, jmf_multi_god_temple,
          shapermc_ecumenical_altar_totnotflames, goddamned_bats
D:4:      layout_cave_pools, mainiacjoe_overflow_cross_hatched,
          minmay_temple_entry_waves, uniq_menkaure
D:5:      layout_rooms, minmay_joined_circles, uniq_ijyb
D:6:      layout_gridville
D:7:      layout_basic, nicolae_uskayaw_suspiria, mainiacjoe_overflow_catwalk,
          enter_bailey_7
D:8:      layout_loops_ring, nicolae_overflow_hallway_of_the_gods, minivault_14,
          uniq_psyche
D:9:      layout_stronghold, minmay_lair_entry_grove, hangedman_decor_growths,
          item_on_display_a, uniq_harold
D:10:     layout_gridville, nicolae_ru_awakened_eye, serial_shops,
          nicolae_shop_hallway_stairs, nicolae_shop_crystal,
          nicolae_shop_statue_plus, nicolae_shop_trees,
          nicolae_inconvenience_store
D:11:     layout_roguey, minmay_guarded_unrand_vampires_tooth, uniq_erica
D:12:     layout_long_grid, hiddenorc1_lemuel, led_sif_book
Temple:   hellmonk_temple_divided_pantheon
Lair:1:   layout_concentric_octagons
Lair:2:   layout_regular_city, skrybe_swamp_entry_bodies,
          guppyfry_snake_entry_garden, serial_bayou_lagoon_a,
          eino_small_chamber_without_monster, serial_bayou_shore_b
Lair:3:   layout_gridlike, roderic_batcave, grunt_megastairs_5,
          serial_bayou_shore_a, lemuel_fruit_tree, infiniplex_staircase_pool_2,
          uniq_snorg
Lair:4:   layout_cave_pods, enter_volcano_2, minmay_stone_trees_small,
          beast_lair_carwin_11
Lair:5:   guppyfry_lair_end_dragon, layout_hall_layers,
          minmay_slime_entry_pillars, nzn_masters_of_martial_movement

Skill      XL: |  1  2  3  4  5  6  7  8  9 10 11 12 13 14 |
---------------+-------------------------------------------+-----
Transmutations | 1 |  1.0
Earth Magic    | 4 5 6 10 11 12 13 14 | 14.1
Spellcasting   | 3 4 5 6 8 10 | 10.0
Fighting       | 3 6 9 11 12 14 15 | 15.0
Conjurations   | 3 6 7 |  7.0
Shields        | 2 6 9 |  9.0
Stealth        | 4 |  4.8
Short Blades   | 4 7 8 |  8.0
Dodging        | |  1.7

Action                   |  1- 3 |  4- 6 |  7- 9 | 10-12 | 13-15 || total
-------------------------+-------+-------+-------+-------+-------++-------
Melee: Hand axe          |       |     1 |     6 |    34 |       ||    41
       Quick blade       |       |       |       |    98 |   631 ||   729
 Cast: Sandblast         |    67 |    81 |    68 |    69 |     7 ||   292
       Stone Arrow       |       |       |    59 |   205 |   113 ||   377
       Petrify           |       |       |     3 |     4 |     3 ||    10
       Static Discharge  |       |       |       |    22 |    25 ||    47
       Lee's Rapid Decon |       |       |       |       |    36 ||    36
Evoke: Wand              |       |       |     5 |     1 |       ||     6
  Use: Scroll            |     1 |       |    13 |     4 |     3 ||    21
 Stab: Petrified         |       |       |       |     6 |     4 ||    10
       Sleeping          |       |       |       |       |     4 ||     4
       Distracted        |       |       |       |       |     1 ||     1
Armor: Robe              |     7 |    33 |    18 |    69 |   200 ||   327
Dodge: Dodged            |    13 |    58 |    30 |   115 |   187 ||   403
Block: Kite shield       |       |       |       |   116 |   246 ||   362
